 Dungeon Crawl Stone Soup version 0.28.0 (webtiles) character file.

Game seed: 6526294112998418965

223 Hasart the Covered (level 5, 0/45 HPs)
             Began as a Demigod Fighter on Feb 13, 2022.
             Slain by Eustachio (6 damage)
             ... on level 4 of the Dungeon.
             The game lasted 00:04:12 (2801 turns).

Hasart the Covered (Demigod Fighter)                Turns: 2801, Time: 00:04:13

Health: 0/45       AC: 10    Str: 17    XL:     5   Next: 39%
Magic:  7/7        EV: 10    Int: 10    God:
Gold:   141        SH:  5    Dex: 17    Spells: 4/4 levels left

rFire   . . .      SeeInvis .   a - +0 long sword
rCold   . . .      Faith    .   c - +0 buckler
rNeg    . . .      Spirit   .   b - +0 scale mail
rPois   .          Reflect  .   (no helmet)
rElec   .          Harm     .   (no cloak)
rCorr   .          Rampage  .   (no gloves)
Will    .....                   (no boots)
Stlth   ..........              (no amulet)
HPRegen 0.15/turn               f - +4 ring of protection
MPRegen 0.10/turn               (no ring)

@: no status effects
A: high MP 1, forlorn, divine attributes
a: no special abilities


You were on level 4 of the Dungeon.
You visited 1 branch of the dungeon, and saw 4 of its levels.

You collected 141 gold pieces.

Inventory:

Hand Weapons
 a - a +0 long sword (weapon)
Armour
 b - a +0 scale mail (worn)
 c - a +0 buckler (worn)
Jewellery
 f - a +4 ring of protection (left hand)
 h - a +4 ring of evasion
Scrolls
 g - a scroll of brand weapon {unknown}
 j - a scroll of fog {unknown}
 l - a scroll of magic mapping {unknown}
 n - a scroll of identify {unknown}
 o - a scroll of vulnerability {unknown}
 p - a scroll of silence {unknown}
 q - a scroll of torment {unknown}
 r - a scroll of fear {unknown}
Potions
 d - a potion of might
 e - 3 potions of degeneration {unknown}
 i - a potion of haste {unknown}
 k - a potion of curing {unknown}
 m - 3 potions of attraction {unknown}


   Skills:
 + Level 3.3 Fighting
 * Level 3.4 Long Blades
 + Level 3.4 Armour
 + Level 1.8 Dodging
 + Level 3.3 Shields


You had 4 spell levels left.
You didn't know any spells.
Your spell library contained the following spells:

 Spells                   Type           Power      Damage    Failure   Level
 Portal Projectile        Hex/Tloc       0%         N/A       99%         3
 Blade Hands              Tmut           0%         N/A       100%        5
 Excruciating Wounds      Necr           0%         N/A       100%        5


Dungeon Overview and Level Annotations

Branches:
Dungeon (4/15)
 Temple: D:4-7

Annotations:
D:4 Eustachio


Innate Abilities, Weirdness & Mutations

You have an increased reservoir of magic. (+10% MP)
You shall have no god before yourself.
Your divine heritage dramatically boosts your attributes as you level up.


Message History

The bat barely misses you. You block the quokka's attack.
The river rat bites you but does no damage.
The river rat barely misses you. Eustachio hits you but does no damage.
The quokka bites you but does no damage.
You closely miss Eustachio.
Eustachio is severely wounded.
The bat hits you but does no damage. The river rat completely misses you.
The river rat misses you.
Eustachio mumbles some strange words.
The quokka bites you but does no damage.
You completely miss Eustachio.
Eustachio is severely wounded.
The bat hits you but does no damage. The river rat bites you.
The river rat bites you but does no damage.
The quokka bites you but does no damage.
Eustachio closely misses you. You block the river rat's attack.
The river rat bites you but does no damage.
The quokka bites you.
* * * LOW HITPOINT WARNING * * *
You completely miss Eustachio.
Eustachio is severely wounded.
The bat hits you but does no damage. x2; Eustachio hits you with a +0 rapier!
* * * LOW HITPOINT WARNING * * *
The quokka barely misses you. You block the river rat's attack.
The river rat barely misses you.
Eustachio mumbles some strange words.
You barely miss Eustachio.
Eustachio is severely wounded.
The ufetubus disappears in a puff of smoke!
The bat hits you but does no damage. The bat misses you.
You block the quokka's attack. The river rat barely misses you.
The river rat closely misses you. Eustachio hits you but does no damage.
You block the quokka's attack. The bat misses you.
You hit Eustachio.
Eustachio is almost dead.
You block the bat's attack. The river rat misses you.
The river rat closely misses you.
The quokka bites you but does no damage.
Eustachio hits you with a +0 rapier.
You die...

#>...[....#
#.........#
######.........#
#..............###
#.........<.......
#............(....
#........ยง5.......
#.......rr5.......
#.....br@@5.......
#.....############
#.....# #.....#
#.....+ #.....#
#.....# #.....#


You could see Eustachio, an iron imp (summoned), 2 river rats, a shadow imp
(summoned), an ufetubus (summoned), a quokka (summoned) and a bat (summoned).

Vanquished Creatures
  Jessica (D:2)
  Natasha (thrice) (D:3)
  A gnoll (D:1)
  4 adders
  4 worms
  A dart slug (D:2)
  7 endoplasms
  3 giant cockroaches
  6 goblins
  5 hobgoblins
  5 kobolds
  2 quokkas
  5 ball pythons
  8 bats
  5 frilled lizards
  6 rats
66 creatures vanquished.

Notes
Turn   | Place    | Note
-------+----------+-------------------------------------------
     0 | D:1      | Hasart the Demigod Fighter began the quest for the Orb.
     0 | D:1      | Reached XP level 1. HP: 18/18 MP: 3/3
    77 | D:1      | Reached XP level 2. HP: 16/25 MP: 4/4
   837 | D:1      | Reached XP level 3. HP: 30/30 MP: 5/5
   877 | D:1      | Reached skill level 1 in Dodging
  1296 | D:2      | Noticed Jessica
  1301 | D:2      | Killed Jessica
  1302 | D:2      | Reached XP level 4. HP: 38/38 MP: 6/6
  2313 | D:3      | Identified the +0 ring mail "Coesum" {Dex+2}
  2416 | D:3      | Noticed Natasha
  2426 | D:3      | Killed Natasha
  2427 | D:3      | Reached XP level 5. HP: 39/45 MP: 7/7
  2446 | D:3      | Noticed Natasha
  2452 | D:3      | Killed Natasha
  2537 | D:3      | Noticed Natasha
  2551 | D:3      | Killed Natasha
  2768 | D:4      | Noticed Eustachio
  2801 | D:4      | Slain by Eustachio

Illustrated notes

Levels and vault maps discovered:
D:1:      ncdulo_lavacross, layout_loops_cross,
          hellmonk_ecumenical_altar_arch_garden, chequers_serial_rivers_micro_c
D:2:      minmay_angry_zag, layout_loops_corners, uniq_jessica
D:3:      layout_rooms, uniq_natasha
D:4:      wad_pebble_path, layout_gridville, uniq_eustachio, uniq_ijyb,
          uniq_pikel

Skill      XL: |  1  2  3  4 |
---------------+-------------+-----
Long Blades    | 2 3 |  3.4
Dodging        | 1 |  1.8
Armour         | 3 |  3.4
Shields        | 3 |  3.3
Fighting       | 3 |  3.3

Action                   |  1- 3 |  4- 6 || total
-------------------------+-------+-------++-------
Melee: Long sword        |   103 |   155 ||   258
Armor: Scale mail        |    44 |    89 ||   133
Dodge: Dodged            |    50 |    79 ||   129
Block: Buckler           |    20 |    40 ||    60
